 Dungeon Crawl Stone Soup version 0.17.0-28-g6e173f8 (webtiles) character file.

499 RotateMe the Covered (level 6, -1/43 HPs)
             Began as a High Elf Fighter on Nov 25, 2015.
             Killed from afar by an orc wizard (11 damage)
             ... with a puff of flame
             ... on level 4 of the Dungeon on Nov 26, 2015.
             The game lasted 00:30:10 (3103 turns).

RotateMe the Covered (High Elf Fighter)             Turns: 3103, Time: 00:30:12

Health: -1/43      AC:  8    Str: 22    XL:     6   Next: 94%
Magic:  7/7        EV:  8    Int: 12    God:
Gold:   202        SH: 10    Dex: 15    Spells: 0 memorised, 5 levels left

rFire  . . .     SeeInvis .     b - +0 flail
rCold  . . .     Clarity  .     v - +0 scale mail
rNeg   . . .     SustAt   .     c - +0 shield
rPois  .         Gourm    .     (no helmet)
rElec  .         Spirit   .     (no cloak)
rCorr  .         Warding  .     (no gloves)
rMut   .         Stasis   .     q - +0 pair of boots
MR     .....                    (no amulet)
Stlth  ..........               (no ring)
                                (no ring)

@: mighty, not resistant to hostile enchantments, extremely unstealthy
A: no striking features
a: no special abilities


You were on level 4 of the Dungeon.
You were not hungry.

You visited 1 branch of the dungeon, and saw 4 of its levels.

You collected 202 gold pieces.

Inventory:

Hand Weapons
 a - a +0 hunting sling
 b - a +0 flail (weapon)
Missiles
 g - 50 bolts
 w - 63 stones (quivered)
Armour
 c - a +0 shield (worn)
 q - a +0 pair of boots (worn)
 v - a +0 scale mail (worn)
 A - a +0 pair of boots
Magical Staves
 x - an uncursed staff of wizardry
Scrolls
 i - 3 scrolls of identify
 j - 3 scrolls of recharging
 r - a scroll of amnesia {unknown}
 t - a scroll of blinking {unknown}
 u - 2 scrolls of fear {unknown}
 y - 2 scrolls of teleportation {unknown}
 C - a scroll of immolation {unknown}
Potions
 k - a potion of cancellation {unknown}
 m - a potion of magic {unknown}
 n - 2 potions of lignification
 o - 2 potions of resistance {unknown}
 p - a potion of invisibility {unknown}
 s - a potion of heal wounds {unknown}
 z - a potion of ambrosia {unknown}
Comestibles
 e - 5 bread rations
 f - 3 meat rations
 l - a fruit
 B - a slice of pizza


   Skills:
 + Level 4.0 Fighting
 * Level 2.9 Maces & Flails
 + Level 0.8 Slings
 * Level 5.0 Armour
 + Level 2.2 Dodging
 + Level 1.0 Stealth
 + Level 3.5 Shields


You had 5 spell levels left.
You didn't know any spells.

Dungeon Overview and Level Annotations

Branches:
Dungeon (4/15)
 Temple: D:4-7

Altars:
Vehumet
Zin


Message History

The orc wizard is severely wounded.
You block the orc wizard's attack. Something hits you but does no damage.
You block the orc wizard's attack. x2
The orc wizard hits you but does no damage.
You closely miss the orc wizard.
The orc wizard is severely wounded.
You block the orc wizard's attack. You block its attack.
The orc wizard hits you but does no damage.
Something hits you.
* * * LOW HITPOINT WARNING * * *
The orc wizard casts a spell.
The orc wizard blinks!
The orc wizard barely misses you.
You sock something!
An orc wizard appears from thin air!
Reactivating autopickup.
The orc wizard hits you with a dagger.
* * * LOW HITPOINT WARNING * * *
The orc wizard casts a spell at you. The puff of flame hits you!
You die...

..#.....# #...# ###.....#
#...# ##....####.o)#
#......##.†.#
#......##...#
#......##...#
#......##...#
#......##...###########
#......##..oo@.....)).#
######....##.............#
.........###.............#
.........# #.............#
.......>.###.............#
......)..##..............#
..........#.##############
...##.##....#
#.##.#.###..#


You could see 2 orc wizards.

Vanquished Creatures
  An ogre (D:4)
  A sky beast (D:4)
  A water moccasin skeleton (D:4)
  A centaur skeleton (D:4)
  Terence (D:2)
  3 worker ants (D:4)
  3 adders (D:3)
  3 gnolls (D:4)
  2 oozes (D:1)
  5 worms
  3 giant geckos
  5 orcs
  5 bats
  12 goblins
  4 hobgoblins
  4 ball pythons
  4 giant cockroaches
  5 giant newts
  3 jackals
  8 kobolds
  A quokka (D:3)
  7 rats
82 creatures vanquished.

Notes
Turn   | Place    | Note
--------------------------------------------------------------
     0 | D:1      | RotateMe the High Elf Fighter began the quest for the Orb.
     0 | D:1      | Reached XP level 1. HP: 16/16 MP: 2/2
   214 | D:1      | Reached XP level 2. HP: 21/21 MP: 3/3
   319 | D:1      | Reached XP level 3. HP: 23/26 MP: 4/4
   855 | D:2      | Noticed Terence
   877 | D:2      | Killed Terence
   877 | D:2      | Reached XP level 4. HP: 14/31 MP: 5/5
  1158 | D:2      | Reached skill level 1 in Dodging
  1923 | D:3      | Reached XP level 5. HP: 18/36 MP: 6/6
  2199 | D:4      | Reached skill level 4 in Armour
  2330 | D:4      | Found a glowing silver altar of Zin.
  2330 | D:4      | Found a radiant altar of Vehumet.
  2349 | D:4      | Noticed a sky beast
  2359 | D:4      | Killed a sky beast
  2359 | D:4      | Reached XP level 6. HP: 42/42 MP: 7/7
  2617 | D:4      | Noticed an ogre
  2632 | D:4      | Killed an ogre
  2632 | D:4      | Reached skill level 1 in Stealth
  2996 | D:4      | Reached skill level 5 in Armour
  3103 | D:4      | Killed from afar by an orc wizard

Action                   |  1- 3 |  4- 6 || total
-------------------------+-------+-------++-------
Melee: Flail             |    97 |   216 ||   313
 Fire: Hunting sling     |       |    28 ||    28
  Use: Scroll            |       |     4 ||     4
       Potion            |       |     6 ||     6
  Eat: Meat ration       |       |     2 ||     2
